Map: Kairos Junction LE

Players

Yocto - Winner!

  • Race: Zerg Zerg
  • Spawn Location: 11:00

RANDROLL

  • Race: Terran Terran
  • League: Bronze
  • Spawn Location: 5:00

VOD

Have the link to the VOD?

Description

Time

  • Played on: Dec. 9, 2018, 5 a.m.
  • Length: 15:02
Show
View Real Time Build Order
Export as new Build Order

Yocto Zerg - Winner!

Build Orders: Hatch First, Brood Lord Corruptor, Muta Ling Bane 

Get SALT Encoding   

  12  0:02  Drone  
  13  0:17  Overlord  
  13  0:20  Drone  
  14  0:36  Drone x2  
  14  0:40  Drone  
  17  0:58  Hatchery  
  17  1:03  Drone  
  17  1:07  Extractor  
  17  1:08  Drone  
  17  1:23  Spawning Pool  
  16  1:26  Drone  
  16  1:29  Drone  
  18  1:34  Drone  
  19  1:46  Drone  
  20  1:56  Overlord  
  20  2:13  Queen  
  20  2:15  Queen  
  22  2:18  Zergling x4  
  22  2:22  Metabolic Boost  
  26  2:43  Hatchery  
  25  2:48  Drone  
  25  2:50  Drone  
  27  3:04  Queen  
  29  3:08  Drone  
  29  3:11  Overlord  
  30  3:24  Drone x5  
  35  3:34  Drone x4  
  38  4:00  Queen  
  40  4:03  Lair  
  40  4:06  Drone x4  
  40  4:07  Drone  
  40  4:09  Zergling x6  
  49  4:10  Zergling x4  
  50  4:18  Overlord  
  50  4:24  Extractor  
  50  4:29  Baneling Nest  
  50  4:30  Overlord  
  48  4:43  Drone x4  
  48  4:44  Drone x5  
  57  4:55  Evolution Chamber  
  57  4:58  Evolution Chamber  
  55  5:04  Extractor  
  55  5:06  Queen  
  56  5:12  Spire  
  56  5:13  Extractor, Drone x2  
  56  5:14  Drone  
  56  5:17  Drone x3  
  60  5:21  Overlord  
  60  5:22  Overlord  
  60  5:33  Drone  
  61  5:37  Zerg Ground Armor Level 1, Zerg Melee Weapons Level 1  
  61  5:44  Centrifical Hooks  
  61  5:46  Queen  
  63  5:54  Zergling x16  
  71  6:12  Overlord x3  
  71  6:18  Drone x7  
  76  6:19  Drone  
  79  6:45  Extractor x2  
  79  6:46  Drone x3  
  79  6:47  Drone x7  
  82  6:48  Drone x2  
  89  6:56  Overlord x3  
  89  7:09  Zergling x6  
  89  7:10  Zergling x2  
  89  7:11  Baneling x5  
  93  7:29  Zergling x14  
  101  7:30  Zergling x2  
  101  7:35  Zergling x4  
  100  7:50  Mutalisk  
  102  7:51  Mutalisk x5  
  112  8:03  Mutalisk x3  
  112  8:05  Hatchery  
  117  8:08  Zerg Melee Weapons Level 2  
  117  8:09  Zerg Ground Armor Level 2  
  117  8:15  Drone x3  
  117  8:16  Extractor x2  
  118  8:24  Mutalisk x4  
  126  8:33  Zergling x8  
  130  8:39  Overlord x6, Infestation Pit  
  130  8:40  Overlord  
  129  9:05  Drone  
  129  9:06  Drone x2  
  129  9:09  Drone x3  
  135  9:16  Hive  
  134  9:41  Spire  
  131  10:10  Queen  
  133  10:20  Drone x3  
  136  10:26  Drone x3  
  139  10:35  Corruptor  
  139  10:36  Corruptor x7  
  139  10:38  Corruptor x5  
  139  10:41  Overlord x4  
  165  10:45  Pathogen Glands  
  165  10:59  Overlord  
  165  11:00  Overlord x2  
  165  11:05  Greater Spire  
  165  11:14  Burrow  
  165  11:23  Corruptor x4  
  165  11:24  Corruptor x3  
  178  11:55  Viper  
  178  11:59  Infestor x3  
  187  12:06  Baneling x5  
  187  12:07  Baneling x23  
  183  12:09  Zergling x26  
  183  12:10  Zergling x6  
  199  12:20  Zerg Melee Weapons Level 3  
  195  13:35  Brood Lord x2  
  190  14:22  Brood Lord x4  
  190  14:23  Brood Lord x2  
Show
View Real Time Build Order
Export as new Build Order

RANDROLL Terran 

Build Orders:  

Get SALT Encoding   

  12  0:16  Supply Depot  
  12  0:17  SCV  
  13  0:29  SCV  
  14  0:41  SCV  
  15  0:43  Barracks  
  15  0:54  SCV  
  16  1:02  Refinery  
  16  1:08  SCV  
  17  1:20  SCV  
  18  1:30  Supply Depot  
  18  1:32  SCV  
  19  1:38  Marine  
  20  1:44  SCV  
  21  1:51  Refinery  
  21  1:56  Reaper, SCV  
  23  2:08  SCV  
  24  2:18  Command Center  
  24  2:20  SCV  
  25  2:33  Barracks, SCV  
  26  2:40  Barracks Tech Lab  
  26  2:58  Bunker  
  26  3:03  Stimpack  
  26  4:02  Supply Depot  
  25  4:11  Marine x2  
  25  4:17  Factory  
  27  4:19  Orbital Command  
  27  4:20  Orbital Command  
  27  4:25  Supply Depot  
  27  4:29  Marine x2  
  29  4:47  Marine x2  
  29  4:48  Supply Depot  
  31  5:04  Marine, Starport  
  33  5:10  Supply Depot  
  33  5:11  Barracks Reactor  
  32  5:16  Factory Reactor  
  32  5:21  SCV  
  33  5:22  Marine  
  33  5:25  SCV  
  35  5:29  Refinery  
  35  5:37  SCV  
  35  5:40  Marine  
  37  5:46  Combat Shield  
  37  5:48  Marine x2  
  37  5:49  SCV  
  40  5:54  Refinery  
  40  5:58  Marine  
  40  6:02  SCV, Engineering Bay  
  42  6:06  Marine x2  
  42  6:08  SCV  
  45  6:14  SCV  
  45  6:16  Marine  
  47  6:20  SCV  
  47  6:22  Armory  
  47  6:24  Marine x2, Factory Tech Lab  
  50  6:26  Medivac x2  
  50  6:29  Engineering Bay  
  54  6:34  Marine, Sensor Tower  
  55  6:42  Marine x2  
  57  6:51  Marine, SCV  
  59  6:54  SCV  
  59  7:01  Sensor Tower  
  60  7:03  SCV  
  60  7:06  SCV  
  62  7:11  Armory  
  62  7:15  SCV  
  63  7:18  SCV  
  63  7:27  SCV  
  63  7:30  SCV  
  60  7:39  SCV  
  60  7:42  SCV  
  60  7:43  Missile Turret  
  62  7:57  Terran Infantry Weapons Level 1  
  62  7:58  Liberator, Terran Infantry Armor Level 1  
  62  7:59  Liberator  
  62  8:02  Terran Ship Weapons Level 1  
  62  8:05  Missile Turret  
  62  8:11  Siege Tank  
  71  8:25  Missile Turret  
  71  8:28  Starport  
  71  8:38  Marine x2, Marauder  
  75  8:43  Siege Tank  
  75  8:48  Supply Depot  
  78  8:50  Missile Turret  
  78  9:04  Marine x2, Marauder  
  82  9:11  Supply Depot  
  82  9:13  Missile Turret  
  82  9:15  Siege Tank  
  85  9:22  Marine x2  
  87  9:25  Marine  
  88  9:34  Missile Turret  
  88  9:35  Supply Depot  
  88  9:47  Siege Tank  
  91  9:56  Missile Turret  
  88  10:10  Marine x3  
  91  10:14  Starport Tech Lab  
  91  10:16  Viking x2  
  91  10:19  Siege Tank  
  98  10:24  Missile Turret  
  98  10:27  Marine  
  98  10:28  Marine x2  
  101  10:45  Marine x2  
  101  10:46  Marine, Viking x2  
  101  10:48  Missile Turret  
  101  10:49  Command Center  
  108  11:03  Marine x3  
  111  11:08  Missile Turret  
  111  11:16  Viking x2  
  115  11:21  Marine  
  116  11:28  Terran Ship Weapons Level 2  
  116  11:29  Terran Infantry Weapons Level 2  
  116  11:30  Terran Infantry Armor Level 2  
  116  11:37  Viking  
  118  11:51  Supply Depot  
  118  12:00  Viking x2  
  122  12:02  Missile Turret  
  122  12:07  Viking  
  124  12:15  Supply Depot  
  124  12:25  Missile Turret  
  124  12:37  Raven, Supply Depot  
  126  12:46  Orbital Command  
  126  12:53  Refinery  
  126  13:17  Refinery  
  126  13:20  Raven  
  128  13:33  SCV  
  129  13:35  Command Center  
  129  13:40  SCV  
  130  13:45  SCV  
  131  13:52  SCV  
  132  13:58  SCV  
  130  14:04  SCV  
  122  14:10  SCV  
  122  14:16  SCV  
  124  14:22  SCV  
  125  14:28  SCV  
Tags
 
Add a new tag
Caveats
  • Supply blocks, unpowered buildings, or Contaminate may cause inaccurate times.
  • Supply counts are checked every 10 seconds.